 Dungeon Crawl Stone Soup version 0.28-a0-1184-g53156a8862 (webtiles) character file.

Game seed: 4844214683732369007

2056 croobank the Gouger (level 9, 0/39 HPs)
             Began as a Felid Monk on Dec 18, 2021.
             Was a Priest of Fedhas.
             Slain by a boulder beetle (23 damage)
             ... on level 6 of the Dungeon.
             The game lasted 01:07:13 (8455 turns).

croobank the Gouger (Felid Monk)                    Turns: 8455, Time: 01:07:13

Health: 0/39       AC:  2    Str: 15    XL:     9   Next: 5%
Magic:  11/14      EV: 25    Int: 14    God:    Fedhas [***...]
Gold:   368        SH:  0    Dex: 24    Spells: 9/11 levels left
                                        Lives:  0   Deaths: 2

rFire   + . .      SeeInvis +     - Unarmed
rCold   + . .      Faith    .   (shield unavailable)
rNeg    . . .      Spirit   .   (armour unavailable)
rPois   .          Reflect  .   (helmet unavailable)
rElec   .          Harm     .   (cloak unavailable)
rCorr   .          Rampage  .   (gloves unavailable)
Will    +....      Rage     1%  (boots unavailable)
Stlth   +++++.....              m - amulet of regeneration
HPRegen 0.93/turn               p - +6 ring of strength
MPRegen 0.14/turn               s - +6 ring of dexterity

@: quick
A: very small, claws 1, fangs 3, see invisible, speed 1, shaggy fur 2, stealthy
paws, no weapons or thrown items, no armour, multi-lived, berserk 1, cold
resistance 1, fire resistance 1
a: Renounce Religion, Wall of Briars, Grow Ballistomycete


You were on level 6 of the Dungeon.
You worshipped Fedhas.
Fedhas was most pleased with you.
You visited 1 branch of the dungeon, and saw 8 of its levels.
You also visited: Sewer.

You collected 368 gold pieces.

Inventory:

Missiles
 e - 4 boomerangs
 f - 285 stones
Jewellery
 l - a ring of poison resistance
 m - an amulet of regeneration (around neck)
 p - a +6 ring of strength (left paw)
 s - a +6 ring of dexterity (right paw)
Wands
 r - a wand of acid (9) (quivered)
Scrolls
 h - 2 scrolls of fog
 j - a scroll of magic mapping
 n - a scroll of fear
 o - 2 scrolls of teleportation
Potions
 a - a potion of flight
 b - 2 potions of resistance
 c - 2 potions of haste
 d - 5 potions of curing
 g - 2 potions of brilliance
 i - a potion of might
 q - a potion of ambrosia


   Skills:
 + Level 4.2 Fighting
 + Level 8.4 Dodging
 + Level 8.6 Stealth
 + Level 9.7 Unarmed Combat
 - Level 1.7 Spellcasting
 * Level 2.2 Conjurations
 * Level 6.0 Invocations
 + Level 0.7 Evocations


You had 9 spell levels left.
You knew the following spells:

 Your Spells              Type           Power      Damage    Failure   Level
a - Searing Ray           Conj           14%        2d5       14%         2

Your spell library contained the following spells:

 Spells                   Type           Power      Damage    Failure   Level
 Magic Dart               Conj           28%        1d4       10%         1
 Sandblast                Erth           2%         2d4       24%         1
 Passwall                 Tmut/Erth      0%         N/A       36%         2
 Stone Arrow              Conj/Erth      8%         3d7       43%         3
 Fulminant Prism          Conj/Hex       2%         3d6       83%         4
 Leda's Liquefaction      Hex/Erth       0%         N/A       94%         4
 Lee's Rapid Deconstruct  Erth           0%         3d5*      100%        5
 Statue Form              Tmut/Erth      0%         N/A       100%        6


Dungeon Overview and Level Annotations

Branches:
Dungeon (8/15)             Temple (0/1) D:7           Sewer (visited)
   Lair: D:8-11

Altars:
Fedhas
Hepliaklqana
Kikubaaqudgha
Okawaru
Ru
Xom

Annotations:
D:4 Eustachio


Innate Abilities, Weirdness & Mutations

You have sharp claws.
You have razor-sharp teeth.
You have supernaturally acute eyesight. (SInv)
You cover ground quickly. (Speed+)
You are covered in thick fur. (AC +2)
Your paws help you pounce on unaware monsters.
You are incapable of wielding weapons or throwing items.
You cannot wear armour.
You gain extra lives every three experience levels.
You tend to lose your temper in combat.
Your flesh is cold resistant. (rC+)
Your flesh is heat resistant. (rF+)


Message History

You scratch the yak.
The yak is lightly wounded.
The yak closely misses you.
You claw the yak!
The yak is moderately wounded.
The yak completely misses you.
You scratch the yak.
The yak is moderately wounded.
The yak completely misses you. x2
You scratch the yak.
The yak is heavily wounded.
The yak misses you.
You claw the yak!
The yak is severely wounded.
The yak gores you!
You barely miss the yak.
The yak is severely wounded.
You feel yourself speed up. The yak misses you.
You claw the yak!
You kill the yak!
Fedhas appreciates your contribution to the ecosystem.
Your Invocations skill increases to level 6!
Welcome back to level 9!
You start resting.
You recover from your berserk rage.
You climb downwards.
The boulder beetle completely misses you.
The komodo dragon barely misses you. The komodo dragon closely misses you.
The boulder beetle barely misses you.
There is a stone staircase leading up here.
The komodo dragon closely misses you. The boulder beetle bites you!!
You climb upwards.
There is a stone staircase leading down here.
A briar patch grows up from the ground. x4
The komodo dragon completely misses you.
The boulder beetle bites you!!
Ouch! That really hurt!
You die...
Fedhas appreciates your contribution to the ecosystem.

.....####..####.## #..##....##..
.....#.#...###..## ##..#.........
^..#.......#.....###..........#..
..####..##.....#.....)..#.....###
..# ##.####.######....####...##
.## #...# ##..####.....##...## .#
#..####.....#.......#..## .#
#.....)....PPP.........# .#
##....#....B@#.......###
.#####...##..#.lP##.#..###
.#...........#)#.....###
...............##....#
####.................#
###....#...........###
..................##
.........##...?..##
##..#..#........##


You could see a boulder beetle (ally target) and a komodo dragon.

Vanquished Creatures
  A cyclops (D:7)
  3 trolls
  Grinder (D:4)
  A yak (D:6)
  A steam dragon (D:7)
  A vampire mosquito (D:7)
  2 sky beasts
  An orc warrior (D:6)
  An ice beast (D:5)
  3 ogres
  2 centaurs
  A kobold brigand (Sewer)
  A bullfrog (D:7)
  A scorpion (D:5)
  A water moccasin zombie (D:6)
  5 killer bees (D:6)
  A bullfrog zombie (D:5)
  2 jellies (D:7)
  A hound (D:6)
  A centaur skeleton (D:5)
  An iguana (D:6)
  Natasha (thrice) (D:2)
  8 orc wizards
  A hound skeleton (D:4)
  3 river rats (Sewer)
  6 adders
  2 howler monkey skeletons
  A white imp (D:7)
  3 ufetubi
  An adder skeleton (D:4)
  9 orcs
  10 bats
  10 endoplasms
  8 giant cockroaches
  8 goblins
  8 hobgoblins
  2 jackals (Sewer)
  8 quokkas
  7 ball pythons
  7 frilled lizards
  10 kobolds
  13 rats
160 creatures vanquished.

Vanquished Creatures (collateral kills)
  Sigmund (D:4)
  A wyvern (D:6)
  A killer bee (D:6)
  An orc priest (D:7)
  4 gnolls (D:2)
  2 adders
  A river rat (Sewer)
  An orc (D:6)
  7 rats (D:2)
19 creatures vanquished.

Grand Total: 179 creatures vanquished

Notes
Turn   | Place    | Note
-------+----------+-------------------------------------------
     0 | D:1      | croobank the Felid Monk began the quest for the Orb.
     0 | D:1      | Reached XP level 1. HP: 10/10 MP: 2/2
   338 | D:1      | Found a faded altar of an unknown god.
   372 | D:1      | Reached XP level 2. HP: 14/14 MP: 3/3
   382 | D:1      | Prayed at the altar of an unknown god.
   382 | D:1      | Became a worshipper of Fedhas Madash
   382 | D:1      | Reached * piety under Fedhas
   382 | D:1      | Reached ** piety under Fedhas
   465 | D:1      | Reached *** piety under Fedhas
  1212 | D:2      | Reached XP level 3. HP: 8/17 MP: 4/4
  1559 | D:2      | Noticed Natasha
  1565 | D:2      | Killed Natasha
  1566 | D:2      | Reached XP level 4. HP: 21/21 MP: 5/5
  1589 | D:2      | Reached skill level 1 in Invocations
  1784 | D:2      | Noticed Natasha
  1790 | D:2      | Killed Natasha
  1791 | D:2      | Reached skill level 4 in Unarmed Combat
  1992 | D:2      | Reached XP level 5. HP: 19/24 MP: 3/7
  2355 | D:2      | Noticed Natasha
  2381 | D:2      | Killed Natasha
  2995 | D:2      | Reached **** piety under Fedhas
  3446 | D:3      | Noticed an ogre
  3469 | D:3      | Killed an ogre
  3470 | D:3      | Reached skill level 5 in Dodging
  3470 | D:3      | Reached skill level 5 in Unarmed Combat
  3470 | D:3      | Gained mutation: You are covered in thick fur. (AC +2)
                  | [Felid growth]
  3470 | D:3      | Reached XP level 6. HP: 21/28 MP: 5/8
  4164 | D:4      | Noticed Sigmund
  4217 | D:4      | Gained mutation: Your flesh is heat resistant. (rF+)
                  | [potion of mutation]
  4217 | D:4      | Gained mutation: You tend to lose your temper in combat.
                  | [potion of mutation]
  4217 | D:4      | Gained mutation: Your flesh is cold resistant. (rC+)
                  | [potion of mutation]
  4282 | D:4      | Found a glowing drain.
  4480 | Sewer    | Entered a sewer
  4503 | Sewer    | Reached skill level 5 in Stealth
  4851 | Sewer    | Found a white marble altar of Elyvilon.
  5125 | D:4      | Noticed Eustachio
  5163 | D:4      | Slain by Eustachio
  5164 | D:4      | Reached XP level 5. HP: 0/24 MP: 7/7
  5203 | D:4      | Reached XP level 6. HP: 22/28 MP: 9/9
  5676 | D:4      | Noticed Grinder
  5738 | D:4      | Killed Sigmund
  5739 | D:4      | Reached skill level 6 in Unarmed Combat
  5768 | D:4      | Killed Grinder
  5769 | D:4      | Reached XP level 7. HP: 28/31 MP: 10/10
  6057 | D:5      | Entered Level 5 of the Dungeon
  6263 | D:5      | Reached skill level 7 in Unarmed Combat
  6350 | D:5      | Reached XP level 8. HP: 36/36 MP: 11/11
  6510 | D:5      | Found a shimmering altar of Xom.
  6511 | D:5      | Found a sacrificial altar of Ru.
  6671 | D:5      | Found a hazy altar of Hepliaklqana.
  6678 | D:5      | Found an ancient bone altar of Kikubaaqudgha.
  6887 | D:6      | Reached skill level 8 in Unarmed Combat
  7057 | D:6      | Identified the +5 hunting sling of Plague {flame, rPois rF+
                  | Dex-2}
  7101 | D:6      | Found an iron altar of Okawaru.
  7548 | D:7      | Reached skill level 5 in Invocations
  7599 | D:7      | Found a staircase to the Ecumenical Temple.
  7633 | D:7      | Reached XP level 9. HP: 20/39 MP: 13/13
  7712 | D:7      | Noticed a death knight
  7736 | D:7      | Reached skill level 1 in Spellcasting
  7848 | D:7      | Noticed a manticore
  7848 | D:7      | Noticed a komodo dragon
  7849 | D:7      | Noticed a cyclops
  7895 | D:8      | Noticed a troll
  7936 | D:8      | Killed a troll
  8089 | D:7      | Noticed a troll
  8098 | D:7      | Learned a level 2 spell: Searing Ray
  8126 | D:7      | Killed a troll
  8127 | D:7      | Reached skill level 9 in Unarmed Combat
  8190 | D:7      | Killed a cyclops
  8191 | D:7      | Reached skill level 1 in Conjurations
  8268 | D:7      | Noticed a troll
  8268 | D:7      | Noticed a gargoyle
  8296 | D:7      | Slain by a gargoyle
  8297 | D:7      | Reached XP level 8. HP: 0/36 MP: 11/13
  8326 | D:7      | Noticed a gargoyle
  8363 | D:7      | Noticed a troll
  8383 | D:7      | Killed a troll
  8394 | D:7      | Noticed a boulder beetle
  8441 | D:6      | Reached XP level 9. HP: 29/39 MP: 14/14
  8455 | D:6      | Slain by a boulder beetle

Illustrated notes

Levels and vault maps discovered:
D:1:      minmay_arrival_stair_chambers, layout_basic,
          ebering_ecumenical_altar_webs
D:2:      minmay_evil_eye, layout_basic, minmay_rat_hole, uniq_natasha
D:3:      layout_loops_cross, grunt_ministairs_2, uniq_robin
D:4:      layout_loops_ring, gup_sewer_entry_bubbles, uniq_sigmund,
          uniq_grinder, uniq_eustachio
D:5:      layout_loops_cross, mainiacjoe_overflow_big_doors,
          mainiacjoe_overflow_divided_tiny, minivault_27
D:6:      layout_cave_pools, lemuel_doored_altar
D:7:      minmay_the_grid_octo_triangle [minmay_the_grid_octo_toaster,
          minmay_the_grid_octo_prize_big_c, minmay_the_grid_octo_clover_2],
          layout_basic, minmay_temple_entry_wispy
D:8:      layout_layer_cave, zin_statuary, serial_shops, nicolae_take_the_stairs

Skill      XL: |  1  2  3  4  5  6  7  8  9 |
---------------+----------------------------+-----
Stealth        | 3 4 5 6 7 8 |  8.6
Invocations    | 1 2 3 6 |  6.0
Unarmed Combat | 4 5 6 7 8 9 |  9.7
Dodging        | 5 6 7 8 |  8.4
Spellcasting   | 1 |  1.7
Fighting       | 4 |  4.2
Conjurations   | 2 |  2.2
Evocations     | |  0.7

Action                   |  1- 3 |  4- 6 |  7- 9 || total
-------------------------+-------+-------+-------++-------
Melee: Unarmed           |    76 |   260 |   197 ||   533
       Bite              |     7 |    23 |    35 ||    65
       Punch             |     1 |     6 |    12 ||    19
 Cast: Searing Ray       |       |       |     2 ||     2
Invok: Wall of Briars    |       |    11 |    11 ||    22
       Grow Ballistomyce |       |       |     1 ||     1
Evoke: Wand              |       |       |     4 ||     4
  Use: Scroll            |     7 |     5 |     5 ||    17
       Potion            |       |     3 |     1 ||     4
 Stab: Sleeping          |     7 |    12 |    12 ||    31
       Distracted        |       |     1 |     1 ||     2
Armor: Skin              |     4 |    13 |     8 ||    25
Dodge: Dodged            |    53 |   196 |   213 ||   462

Table legend: (Time is in decaauts)
 A = Elapsed time spent in this place.
 B = Non-inter-level travel time spent in this place.
 C = Inter-level travel time spent in this place.
 D = Time resting spent in this place.
 E = Time spent auto-exploring this place.
 F = Levels seen in this place.
 G = Mean time per level.
                   A        B        C        D        E       F      G
               +--------+--------+--------+--------+--------+-----+--------+
         Total |   7547 |   7394 |    153 |   1788 |   3152 |   9 |  838.6 |
       Dungeon |   7081 |   6928 |    153 |   1622 |   3152 |   8 |  885.1 |
         Sewer |    465 |    465 |      0 |    166 |      0 |   1 |  465.0 |
               +--------+--------+--------+--------+--------+-----+--------+

Top non-repeatable levels by time:
     D:2: 2046 daAuts
     D:4: 1320 daAuts
     D:1: 971 daAuts
     D:3: 707 daAuts
     D:7: 674 daAuts
     D:5: 618 daAuts
     D:6: 596 daAuts
   Sewer: 465 daAuts
     D:8: 147 daAuts
